 Dungeon Crawl Stone Soup version 0.20.1-1-g8b1a95d (webtiles) character file.

741 mortelune the Digger (level 7, 0/32 HPs)
             Began as a Gargoyle Earth Elementalist on Nov 4, 2017.
             Was a Follower of Hepliaklqana.
             Slain by an iguana (8 damage)
             ... on level 4 of the Dungeon.
             The game lasted 00:21:30 (3604 turns).

mortelune the Digger (Gargoyle Earth Elementalist)  Turns: 3604, Time: 00:21:30

Health: 0/32       AC:  8    Str: 11    XL:     7   Next: 75%
Magic:  14/14      EV: 11    Int: 18    God:    Hepliaklqana [*.....]
Gold:   154        SH:  4    Dex: 10    Spells: 12/16 levels left

rFire    + . .     SeeInvis .   F - +0 flail
rCold    x . .     Gourm    .   (no shield)
rNeg     + + .     Faith    .   l - +0 troll leather armour
rPois    ∞         Spirit   .   (no helmet)
rElec    +         Reflect  +   (no cloak)
rCorr    .         Harm     .   (no gloves)
MR       .....                  (no boots)
Stlth    ++........             s - +4 amulet of reflection
Regen    0.5/turn               y - ring of positive energy
MPRegen  0.2/turn               J - ring of fire

@: no status effects
A: reduced essence, negative energy resistance 1, electricity resistance,
unbreathing, petrification resistance, rot immunity, AC +4
a: Recall Ancestor, Ancestor Identity, Renounce Religion


You were on level 4 of the Dungeon.
You worshipped Hepliaklqana.
Hepliaklqana was aware of your devotion.
You were not hungry.

You visited 2 branches of the dungeon, and saw 5 of its levels.

You collected 154 gold pieces.

Inventory:

Hand Weapons
 f - a +0 dagger
 j - a +0 club
 D - a +0 mace
 F - a +0 flail (weapon)
 I - a +1 trident of freezing
Missiles
 b - 215 stones (quivered)
Armour
 c - a +0 robe
 h - a +0 robe
 l - a +0 troll leather armour (worn)
 o - a +0 leather armour of fire resistance
Jewellery
 s - a +4 amulet of reflection (around neck)
 y - a ring of positive energy (left hand)
 J - a ring of fire (right hand)
Scrolls
 g - a scroll of remove curse
 i - 2 scrolls of recharging {unknown}
 m - a scroll of noise {unknown}
 t - a scroll of amnesia {unknown}
 v - a scroll of random uselessness {unknown}
 x - a scroll of fear {unknown}
 z - a scroll of enchant armour {unknown}
 B - a scroll of teleportation {unknown}
 E - 2 scrolls of enchant weapon {unknown}
 H - 2 scrolls of identify
Potions
 a - 5 potions of might
 n - a potion of flight {unknown}
 p - a potion of degeneration {unknown}
 q - 4 potions of lignification
 r - 3 potions of curing
 u - a potion of mutation {unknown}
 C - a potion of haste
Books
 e - a book of Geomancy

   Spells                             Type                      Level
   a - Sandblast                      Earth                        1
   b - Passwall                       Transmutation/Earth          2
   c - Stone Arrow                    Conjuration/Earth            3
   d - Petrify                        Transmutation/Earth          4
   e - Lee's Rapid Deconstruction     Earth                        5
Comestibles
 d - 6 bread rations
 k - 2 royal jellies
 w - 3 meat rations
 A - a fruit


   Skills:
 - Level 1.6 Dodging
 - Level 2.1 Stealth
 + Level 5.1 Spellcasting
 + Level 3.8 Conjurations
   Level 0.7 Transmutations
 + Level 7.2 Earth Magic


You had 12 spell levels left.
You knew the following spells:

 Your Spells              Type           Power        Failure   Level  Hunger
a - Sandblast             Erth           ####..       1%          1    None
b - Stone Arrow           Conj/Erth      ###...       5%          3    ##.....


Dungeon Overview and Level Annotations

Branches:
Dungeon (4/15)             Temple (1/1) D:4

Altars:
Ashenzari
Hepliaklqana
Kikubaaqudgha
Nemelex Xobeh
Qazlal
Vehumet
Xom
The Shining One

Shops:
D:4 (

Annotations:
D:3 exclusion: downstairs
D:4 Tenz's ghost, novice MiFi


Innate Abilities, Weirdness & Mutations

You are resistant to torment.
Your stone body is resilient. (AC +4)
You are immune to poison.
You resist negative energy. (rN+)
You are resistant to electric shocks. (rElec)
You can survive without breathing.
You are immune to petrification.
You are immune to rotting.
Your life essence is reduced to manifest your ancestor. (-10% HP)


Message History

An iguana comes into view.
The iguana hisses angrily.
The iguana bites you.
You barely miss the iguana.
The iguana bites you but does no damage.
The iguana misses you.
You hit the iguana.
The iguana is lightly wounded.
The iguana bites you.
You hit the iguana.
The iguana is moderately wounded.
You block the iguana's attack. The iguana bites you!
You barely miss the iguana.
The iguana is moderately wounded.
The iguana bites you.
* * * LOW HITPOINT WARNING * * *
You barely miss the iguana.
The iguana is moderately wounded.
The iguana bites you!
You die...

## ##.## #
###########.#.## #
#............#.# #
###.####.##.#...# #
##............R..#####
###.....>#>.....@l......
....(.......##.##.......
###.....#.#.##.# .######
# ##....#.#.##.# .# #
##...#.#.##.# .# #
#..........# .#
#####.......#### .#
............# .#
#######.#....... #..#


You could see the friendly ksstksst the ancestor and an iguana.

Vanquished Creatures
  Grinder (D:3)
  Purgy (D:3)
  An ogre (D:4)
  A scorpion (D:4)
  2 hounds (D:4)
  An orc priest (D:4)
  2 orc wizards (D:4)
  Crazy Yiuf (D:3)
  5 adders
  3 oozes
  2 worms
  4 dart slugs
  A leopard gecko (D:4)
  8 orcs (D:4)
  8 bats
  A giant cockroach (D:1)
  5 goblins
  4 hobgoblins
  A ball python (D:3)
  6 frilled lizards
  7 kobolds
  17 rats
82 creatures vanquished.

Vanquished Creatures (collateral kills)
  An orc (D:4)
  3 giant cockroaches
  A goblin (D:3)
  4 hobgoblins
  A ball python (D:2)
  3 bats (D:3)
  A rat (D:4)
14 creatures vanquished.

Vanquished Creatures (others)
  3 ancestors
3 creatures vanquished.

Grand Total: 99 creatures vanquished

Notes
Turn   | Place    | Note
-------+----------+-------------------------------------------
     0 | D:1      | mortelune the Gargoyle Earth Elementalist began the quest for the Orb.
     0 | D:1      | Reached XP level 1. HP: 10/10 MP: 3/3
   347 | D:1      | Reached XP level 2. HP: 5/15 MP: 3/5
   580 | D:1      | Reached skill level 4 in Earth Magic
   791 | D:1      | Reached XP level 3. HP: 19/19 MP: 6/6
   986 | D:2      | Found a stormy altar of Qazlal.
   988 | D:2      | Found a blossoming altar of Fedhas.
   988 | D:2      | Found a shimmering altar of Xom.
   990 | D:2      | Found an ancient bone altar of Kikubaaqudgha.
   990 | D:2      | Found a deep blue altar of Sif Muna.
   990 | D:2      | Found a shimmering altar of Xom.
  1359 | D:2      | Found a stormy altar of Qazlal.
  1429 | D:2      | Reached XP level 4. HP: 23/24 MP: 8/8
  1631 | D:2      | Found a hazy altar of Hepliaklqana.
  1634 | D:2      | Reached skill level 5 in Earth Magic
  1641 | D:2      | Became a worshipper of Hepliaklqana the Forgotten
  1752 | D:2      | Found a sparkling altar of Nemelex Xobeh.
  1862 | D:2      | Found an ancient bone altar of Kikubaaqudgha.
  1966 | D:3      | Noticed Purgy
  1973 | D:3      | Killed Purgy
  1973 | D:3      | Reached XP level 5. HP: 24/25 MP: 2/11
  2147 | D:3      | Learned a level 3 spell: Stone Arrow
  2207 | D:3      | Noticed Grinder
  2215 | D:3      | Paralysed by Grinder for 6 turns
  2226 | D:3      | Paralysed by Grinder for 3 turns
  2233 | D:3      | Killed Grinder
  2233 | D:3      | Reached skill level 6 in Earth Magic
  2233 | D:3      | Reached XP level 6. HP: 22/28 MP: 2/12
  2704 | D:3      | Found a runed door.
  2708 | D:3      | Noticed Crazy Yiuf
  2712 | D:3      | Killed Crazy Yiuf
  2765 | D:4      | Reached XP level 7. HP: 32/32 MP: 10/14
  2881 | D:4      | Found a staircase to the Ecumenical Temple.
  2891 | Temple   | Entered the Ecumenical Temple
  2942 | D:4      | Found a shattered altar of Ashenzari.
  3010 | D:4      | Found Roamp's Antique Weapon Boutique.
  3038 | D:4      | Noticed Tenz's ghost (novice MiFi)
  3207 | D:4      | Reached skill level 5 in Spellcasting
  3207 | D:4      | Reached skill level 7 in Earth Magic
  3375 | D:4      | Found a glowing golden altar of the Shining One.
  3585 | D:4      | Reached * piety under Hepliaklqana
  3604 | D:4      | Slain by an iguana

Skill      XL: |  1  2  3  4  5  6  7 |
---------------+----------------------+-----
Earth Magic    | 4 5 6 7 |  7.2
Spellcasting   | 3 4 5 |  5.1
Conjurations   | 2 3 |  3.8
Dodging        | |  1.6
Stealth        | |  2.1
Transmutations | |  0.7

Action                   |  1- 3 |  4- 6 |  7- 9 || total
-------------------------+-------+-------+-------++-------
Melee: Dagger            |    14 |       |       ||    14
       Club              |   138 |   132 |       ||   270
       Flail             |       |       |    27 ||    27
       Mace              |       |       |     7 ||     7
 Cast: Sandblast         |    12 |    29 |    33 ||    74
Invok: Ancestor Identity |       |     2 |       ||     2
  Use: Scroll            |       |       |     5 ||     5
 Stab: Sleeping          |       |     4 |       ||     4
  Eat: Chunk             |     2 |     5 |     2 ||     9
Armor: Robe              |     7 |       |       ||     7
       Troll leather arm |    88 |    62 |    20 ||   170
Dodge: Dodged            |   100 |   116 |    36 ||   252
Block: Other             |    16 |    27 |     5 ||    48
       Reflection        |     1 |       |     1 ||     2
